cohdb
Replays
Latest Replays
All Replays
Popular Replays
Top Player Replays
Match Explorer
How It Works
Community
CoH3 Stats
Reddit
Sign in to upload your games and track your stats! →
Sign in with Steam
Match 46145363
Unlisted
Match 46145363
Overview
Messages
Build Orders
End
Kettenkrad Recon Vehicle
Construct Infanterie Kompanie
MG 42 Machine Gun Team
Selects Terror Battlegroup
Selects Machine Gun Camouflage
MG 42 Machine Gun Team
GrW 34 Mortar Team
Construct Luftwaffe Kompanie
Jäger Squad
Jäger Squad
Support Elements
Jäger Squad
Wirbelwind Flakpanzer
Wirbelwind Flakpanzer
Medical Station
Pioneer Squad
Wirbelwind Flakpanzer
Pioneer Squad
Marder III M Tank Destroyer
Selects No Quarter
GrW 34 Mortar Team
Selects King Tiger Heavy Tank
BrainlesS
Max1boy
0
0
Comments
sign in to comment!
No comments posted yet!